 Dungeon Crawl Stone Soup version 0.24-b1-44-g37ad8b309f (webtiles) character file.

Game seed: 11182706506742606254, levelgen mode: deterministic

13148 Curus the Severer (level 11, -2/130 HPs)
             Began as a Minotaur Fighter on Oct 23, 2019.
             Was a Priest of Trog.
             Slain by a blink frog (11 damage)
             ... on level 2 of the Lair of Beasts.
             The game lasted 00:42:25 (7587 turns).

Curus the Severer (Minotaur Fighter)                Turns: 7587, Time: 00:42:25

Health: -2/130     AC: 19    Str: 26    XL:     11   Next: 71%
Magic:  10/10      EV:  8    Int:  7    God:    Trog [***...]
Gold:   40         SH:  0    Dex: 13    Spells: 10/10 levels left

rFire    + . .     SeeInvis .   w - +4 battleaxe
rCold    . . .     Gourm    .   (shield currently unavailable)
rNeg     . . .     Faith    .   n - +4 chain mail
rPois    +         Spirit   .   (helmet restricted)
rElec    .         Reflect  .   p - +0 cloak
rCorr    .         Harm     .   J - +1 pair of gloves of the Hanged Man {rF+}
MR       .....     Clarity  +   (no boots)
Stlth    ..........             h - amulet of regeneration
HPRegen  0.71/turn              j - +2 ring of dexterity
MPRegen  0.12/turn              o - +2 ring of slaying

@: berserking (expiring), very slightly contaminated, very quick
A: retaliatory headbutt, horns 2, clarity, frail 1, poison resistance
a: Berserk, Trog's Hand, Renounce Religion


You were on level 2 of the Lair of Beasts.
You worshipped Trog.
Trog was most pleased with you.
You were hungry.

You visited 3 branches of the dungeon, and saw 11 of its levels.
You also visited: Ossuary.

You collected 475 gold pieces.
You spent 435 gold pieces at shops.

Inventory:

Hand Weapons
 a - a +2 war axe
 w - a +4 battleaxe (weapon)
Armour
 b - a +0 scale mail
 c - a +0 shield
 e - a +0 scale mail
 n - a +4 chain mail (worn)
 p - a +0 cloak (worn)
 J - the +1 pair of gloves of the Hanged Man (worn) {rF+}
   (You bought it in a shop on level 4 of the Dungeon)

   It protects you from fire.
Jewellery
 g - an uncursed ring of teleportation
 h - an amulet of regeneration (around neck)
 j - a +2 ring of dexterity (left hand)
 k - an uncursed ring of fire
 o - a +2 ring of slaying (right hand)
 A - an uncursed ring of positive energy
 B - an uncursed ring of protection from fire
 E - a -4 ring of evasion
 F - an uncursed ring of poison resistance
Wands
 v - a wand of paralysis (7)
 x - a wand of polymorph (10)
 y - a wand of enslavement (9)
 D - a wand of iceblast (9)
 I - a wand of digging (8)
Scrolls
 l - 10 scrolls of identify
 r - a scroll of blinking
 s - 4 scrolls of fog
 t - 6 scrolls of remove curse
 H - a scroll of magic mapping
Potions
 d - 2 potions of might
 i - 3 potions of curing
 m - 4 potions of haste
 q - a potion of heal wounds
 u - 3 potions of agility
 z - 2 potions of lignification
 C - a potion of brilliance
 G - a potion of invisibility
Comestibles
 f - 21 rations
 K - 3 chunks of flesh


   Skills:
 - Level 9.3 Fighting
 + Level 17.9 Axes
 - Level 9.2 Armour
 - Level 3.6 Shields


You had 10 spell levels left.
You didn't know any spells.
Your spell library was empty.

Dungeon Overview and Level Annotations

Branches:
Dungeon (8/15)             Temple (1/1) D:5            Lair (2/6) D:8
Ossuary (visited)
  Swamp: Lair:2-4    Shoals: Lair:2-4     Snake: Lair:2-4    Spider: Lair:2-4

Altars:
Cheibriados
Dithmenos
Elyvilon
Gozag
Ru
Trog
Uskayaw
Wu Jian
Xom

Shops:
D:4 *

Annotations:
Lair:2 1 runed translucent door, Haxyobbu's ghost, journeyman MiFi


Innate Abilities, Weirdness & Mutations

You reflexively headbutt those who attack you in melee.
You have a pair of horns on your head.
You possess an exceptional clarity of mind.
You are frail. (-10% HP)
Your system is resistant to poisons. (rPois)


Message History

Trog accepts your kill.
You completely miss the blink frog. You hit the spiny frog.
The spiny frog stings you!
* * * LOW HITPOINT WARNING * * *
You closely miss the blink frog.
The blink frog is heavily wounded.
You hit the spiny frog. The blink frog misses you.
You slice the blink frog!!
You feel the power of Trog in you as your rage grows.
You kill the blink frog!
Trog accepts your kill.
You slash the spiny frog!
The spiny frog stings you but does no damage.
You slash the spiny frog!
You kill the spiny frog!
Trog accepts your kill.
You feel a strong urge to attack something.
You closely miss the blink frog.
The blink frog blinks!
The blink frog hits you!
You die...

##.....##. ..... ...
#......#. # ...F ..
....♣..... ..### ...#..
........... ..[..#...#§
........#.. ......#...#
... ..........# ...
.......FF.# ..♣.
.......@..# ...
...........# ...##
..........## ..##.
............ ##+.#...
..........PP#####...##..
..........####.♣.....♣..
.....P.........#♣.<.♣#..
.....#.........#.....#..
##... #.##.♣.....


You could see 3 blink frogs.

Vanquished Creatures
  A hydra (Lair:1)
  Harold (D:8)
  A two-headed ogre (D:8)
  Pikel (D:6)
  6 elephants (Lair:2)
  Joseph (D:8)
  4 spiny frogs
  A black mamba (Lair:1)
  A komodo dragon (Lair:2)
  A jumping spider (Lair:2)
  2 blink frogs (Lair:2)
  3 hornets
  Prince Ribbit (D:8)
  A hippogriff (Lair:2)
  2 redbacks (Lair:2)
  A spriggan (D:7)
  2 wraiths (Ossuary)
  A hungry ghost (D:8)
  Edmund (D:4)
  5 water moccasins
  3 porcupines
  An ice beast (D:8)
  3 sky beasts
  2 slaves (D:6)
  A black bear (D:6)
  2 phantoms
  2 necrophages (D:8)
  An ogre (D:8)
  4 centaurs
  2 crocodiles (Lair:1)
  5 bullfrogs
  3 elf skeletons (D:6)
  A scorpion (D:5)
  6 wights
  A howler monkey (D:8)
  2 crimson imps (D:7)
  3 bullfrog zombies (D:8)
  3 hounds
  A human zombie (D:6)
  A jelly (D:8)
  5 orc priests
  A centaur skeleton (D:5)
  A bullfrog skeleton (D:6)
  2 iguanas
  4 orc wizards
  3 worker ants
  Terence (D:2)
  10 gnolls
  12 adders
  A shadow imp (D:7)
  2 oozes (D:1)
  2 adder zombies
  An adder skeleton (D:6)
  5 worms
  2 dart slugs
  5 leopard geckos
  18 orcs
  5 giant cockroaches
  11 goblins
  6 hobgoblins
  6 jackals
  2 quokkas (D:2)
  3 ball pythons
  2 ball python skeletons
  8 bats
  3 frilled lizards
  A hobgoblin zombie (Ossuary)
  A jackal zombie (D:5)
  6 kobolds
  2 kobold zombies (Ossuary)
  A leopard gecko zombie (D:8)
  2 orc skeletons
  3 orc zombies
  A quokka skeleton (D:4)
  10 rats
232 creatures vanquished.

Vanquished Creatures (others)
  2 fungi (Lair:2)
  A plant (Lair:2)
3 creatures vanquished.

Grand Total: 235 creatures vanquished

Notes
Turn   | Place    | Note
-------+----------+-------------------------------------------
     0 | D:1      | Curus the Minotaur Fighter began the quest for the Orb.
     0 | D:1      | Reached XP level 1. HP: 19/19 MP: 0/0
    29 | D:1      | Reached skill level 3 in Axes
    36 | D:1      | Reached XP level 2. HP: 25/26 MP: 1/1
   180 | D:1      | Reached skill level 4 in Axes
   342 | D:1      | Reached XP level 3. HP: 27/31 MP: 2/2
   699 | D:2      | Reached skill level 5 in Axes
   700 | D:2      | Reached XP level 4. HP: 34/39 MP: 3/3
   743 | D:2      | Gained mutation: You possess an exceptional clarity of
                  | mind. [potion of mutation]
   743 | D:2      | Gained mutation: You are frail. (-10% HP) [potion of
                  | mutation]
   743 | D:2      | Gained mutation: Your system is resistant to poisons.
                  | (rPois) [potion of mutation]
   926 | D:2      | Noticed Terence
   936 | D:2      | Killed Terence
  1315 | D:3      | Reached skill level 6 in Axes
  1361 | D:3      | Found a faded altar of an unknown god.
  2117 | D:4      | Reached XP level 5. HP: 40/40 MP: 4/4
  2191 | D:4      | Reached skill level 7 in Axes
  2332 | D:4      | Found Ujups's General Store.
  2337 | D:4      | Bought a potion of haste for 130 gold pieces
  2546 | D:4      | Noticed Edmund
  2559 | D:4      | Killed Edmund
  2559 | D:4      | Reached skill level 8 in Axes
  2559 | D:4      | Reached XP level 6. HP: 36/45 MP: 5/5
  2796 | D:5      | Entered Level 5 of the Dungeon
  2848 | D:5      | Found a staircase to the Ecumenical Temple.
  2908 | Temple   | Entered the Ecumenical Temple
  2915 | Temple   | Became a worshipper of Trog the Wrathful
  2968 | D:5      | Reached skill level 9 in Axes
  3061 | D:5      | Reached XP level 7. HP: 51/51 MP: 6/6
  3423 | D:5      | Reached skill level 10 in Axes
  3750 | D:6      | Reached skill level 11 in Axes
  3761 | D:6      | Found a sand-covered staircase.
  3767 | Ossuary  | Entered an ossuary
  3816 | Ossuary  | Reached * piety under Trog
  3831 | Ossuary  | Reached XP level 8. HP: 57/57 MP: 7/7
  3853 | Ossuary  | Noticed a flying skull
  3859 | Ossuary  | Noticed a flying skull
  3967 | Ossuary  | Noticed a flying skull
  3986 | Ossuary  | Noticed a flying skull
  3996 | Ossuary  | Reached skill level 12 in Axes
  4306 | D:6      | Reached skill level 13 in Axes
  4313 | D:6      | Found an ornate altar of the Wu Jian Council.
  4325 | D:6      | Found a sacrificial altar of Ru.
  4327 | D:6      | Found an opulent altar of Gozag.
  4328 | D:6      | Found a white marble altar of Elyvilon.
  4390 | D:6      | Noticed Pikel
  4398 | D:6      | Killed Pikel
  4398 | D:6      | Reached XP level 9. HP: 60/63 MP: 8/8
  4409 | D:6      | Found a shimmering altar of Xom.
  4558 | D:6      | Reached skill level 14 in Axes
  4918 | D:7      | Reached skill level 15 in Axes
  4940 | D:7      | Reached ** piety under Trog
  5761 | D:8      | Reached skill level 16 in Axes
  5793 | D:8      | Noticed Joseph
  5798 | D:8      | Reached XP level 10. HP: 55/68 MP: 9/9
  5808 | D:8      | Killed Joseph
  5887 | D:8      | Noticed Harold
  5903 | D:8      | Killed Harold
  5903 | D:8      | Reached skill level 17 in Axes
  5922 | D:8      | Noticed Prince Ribbit
  5928 | D:8      | Killed Prince Ribbit
  5944 | D:8      | Reached *** piety under Trog
  6255 | D:8      | Found a staircase to the Lair.
  6265 | Lair:1   | Entered Level 1 of the Lair of Beasts
  6391 | Lair:1   | Noticed a black mamba
  6399 | Lair:1   | Killed a black mamba
  6501 | Lair:1   | Reached skill level 5 in Fighting
  6501 | Lair:1   | Reached skill level 5 in Armour
  6588 | Lair:1   | Noticed a four-headed hydra
  6596 | Lair:1   | Killed a seven-headed hydra
  6645 | Lair:1   | Noticed an eight-headed hydra
  6662 | Lair:2   | Noticed an elephant
  6664 | Lair:2   | Noticed an elephant
  6667 | Lair:2   | Noticed an elephant
  6670 | Lair:2   | Noticed an elephant
  6683 | Lair:2   | Noticed an elephant
  6684 | Lair:2   | Reached XP level 11. HP: 67/80 MP: 10/10
  6747 | Lair:2   | Found a runed translucent door.
  6750 | Lair:2   | Noticed Haxyobbu's ghost (journeyman MiFi)
  7231 | D:4      | Bought the +1 pair of gloves of the Hanged Man {rF+} for
                  | 305 gold pieces
  7409 | D:8      | Noticed a two-headed ogre
  7417 | D:8      | Killed a two-headed ogre
  7587 | Lair:2   | Slain by a blink frog

Skill      XL: |  1  2  3  4  5  6  7  8  9 10 11 |
---------------+----------------------------------+-----
Axes           | 3 4 5 6 8 9 11 13 16 17 | 17.9
Fighting       | 6 9 |  9.3
Armour         | 6 9 |  9.2
Shields        | |  3.6

Action                   |  1- 3 |  4- 6 |  7- 9 | 10-12 || total
-------------------------+-------+-------+-------+-------++-------
Melee: War axe           |    86 |    96 |    78 |       ||   260
       Headbutt          |     8 |    24 |    40 |    38 ||   110
       Battleaxe         |       |       |   155 |   155 ||   310
Invok: Berserk           |       |       |     3 |     4 ||     7
       Trog's Hand       |       |       |       |     1 ||     1
  Use: Potion            |     2 |     5 |     5 |     1 ||    13
       Scroll            |     2 |     6 |     3 |     3 ||    14
  Eat: Chunk             |       |     7 |     6 |     6 ||    19
       Ration            |       |       |     2 |     1 ||     3
Armor: Scale mail        |    26 |    18 |       |       ||    44
       Chain mail        |       |    19 |   117 |    75 ||   211
Dodge: Dodged            |    20 |    16 |    43 |    56 ||   135
Block: Shield            |    49 |    27 |    21 |       ||    97
